PCL
HOUSTON HAMMERTIME @ DISTRICT 9 PRAWNS
06/23/2026
 
TOP OF THE 1ST
Houston Hammertime batting - Pitching for District 9 Prawns : RHP Mike Stabler
Pitching: RHP Mike Stabler
Batting: LHB Fernando Camacho 0-0: Ball
1-0: Called Strike
1-1: Ground out 6-3 (Groundball, 6M)
Batting: RHB Rafael Torres 0-0: Called Strike
0-1: Ball
1-1: Called Strike
1-2: Strikes out swinging
Batting: SHB Cristo Ontiveros 0-0: Called Strike
0-1: Foul Ball, location: 2F
0-2: Ball
1-2: Ball
2-2: Ball
3-2: Ground out 4-3 (Groundball, 34)
Top of the 1st over - 0 run(s), 0 hit(s), 0 error(s), 0 left on base; Houston 0 - District 9 0
BOTTOM OF THE 1ST
District 9 Prawns batting - Pitching for Houston Hammertime : RHP António Galindo
Pitching: RHP António Galindo
Batting: SHB Mark Pope 0-0: Ball
1-0: SINGLE (Line Drive, 6MD)
Batting: LHB Leonard Harvey 0-0: Called Strike
0-1: SINGLE (Line Drive, 7S)
Mark Pope to second
Batting: RHB Rafael González 0-0: Ball
1-0: DOUBLE (Groundball, 5D)
Mark Pope scores
Leonard Harvey to third
Batting: RHB Tony Guzmán 0-0: Called Strike
0-1: Called Strike
0-2: Ball
1-2: Foul Ball, location: 2F
1-2: Strikes out swinging
Batting: RHB Lateef Makini 0-0: SINGLE (Line Drive, 4MD)
Leonard Harvey scores
Rafael González to third
Runner from 3rd tries for Home, SAFE, throw made home
Lateef Makini to second
Batting: LHB Leonard Young 0-0: Called Strike
Lateef Makini is caught stealing 3rd base
0-1: Ball
1-1: Ball
2-1: Ball
3-1: Called Strike
3-2: Foul Ball, location: 2F
3-2: Foul Ball, location: 2F
3-2: Strikes out swinging
Bottom of the 1st over - 3 run(s), 4 hit(s), 0 error(s), 0 left on base; Houston 0 - District 9 3
TOP OF THE 2ND
Houston Hammertime batting - Pitching for District 9 Prawns : RHP Mike Stabler
Batting: RHB Mario Beltrán 0-0: Ball
1-0: SINGLE (Line Drive, 89S)
Batting: LHB Enrique Valentín 0-0: Grounds into double play, 4-6-3 (Groundball, 4)
Batting: RHB Richard Coker 0-0: Ball
1-0: Ball
2-0: Swinging Strike
2-1: Ball
3-1: Base on Balls
Batting: RHB Arturo Rodríguez 0-0: Ball
1-0: Foul Ball, location: 2F
1-1: Ball
2-1: Ball
3-1: Base on Balls
Richard Coker to second
Batting: RHB Dan Mason 0-0: Ball
1-0: Called Strike
1-1: Fly out, F7 (Flyball, 7M)
Top of the 2nd over - 0 run(s), 1 hit(s), 0 error(s), 2 left on base; Houston 0 - District 9 3
BOTTOM OF THE 2ND
District 9 Prawns batting - Pitching for Houston Hammertime : RHP António Galindo
Batting: RHB Brian Jackson 0-0: Ball
1-0: Ball
2-0: SINGLE (Line Drive, 4D)
Batting: RHB Lúcio García 0-0: Foul Ball, location: 2F
0-1: Foul Ball, location: 2F
0-2: Ball
1-2: Ball
2-2: Strikes out swinging
Batting: RHB Mal Snyder 0-0: Ball
1-0: Foul Ball, location: 2F
1-1: Ball
2-1: Ball
3-1: Foul Ball, location: 2F
3-2: Grounds into double play, 6-4-3 (Groundball, 6M)
Bottom of the 2nd over - 0 run(s), 1 hit(s), 0 error(s), 0 left on base; Houston 0 - District 9 3
TOP OF THE 3RD
Houston Hammertime batting - Pitching for District 9 Prawns : RHP Mike Stabler
Batting: RHB Santo Cruz 0-0: Ball
1-0: Fly out, F9 (Line Drive, 9S)
Batting: LHB Fernando Camacho 0-0: Ball
1-0: Called Strike
1-1: Foul Ball, location: 2F
1-2: Ground out 1-3 (Groundball, 13)
Batting: RHB Rafael Torres 0-0: Ball
1-0: SINGLE (Line Drive, 89S)
Batting: SHB Cristo Ontiveros 0-0: Called Strike
0-1: Ball
1-1: Fly out, F8 (Flyball, 78D)
Top of the 3rd over - 0 run(s), 1 hit(s), 0 error(s), 1 left on base; Houston 0 - District 9 3
BOTTOM OF THE 3RD
District 9 Prawns batting - Pitching for Houston Hammertime : RHP António Galindo
Batting: SHB Mark Pope 0-0: Ball
1-0: Foul Ball, location: 2F
1-1: Fly out, F7 (Popup, 78S)
Batting: LHB Leonard Harvey 0-0: Called Strike
0-1: Ball
1-1: Called Strike
1-2: Ball
2-2: Strikes out looking
Batting: RHB Rafael González 0-0: Ball
1-0: Called Strike
1-1: Ball
2-1: Ball
3-1: Foul Ball, location: 2F
3-2: Base on Balls
Batting: RHB Tony Guzmán 0-0: Ball
Rafael González is caught stealing 2nd base
Bottom of the 3rd over - 0 run(s), 0 hit(s), 0 error(s), 0 left on base; Houston 0 - District 9 3
TOP OF THE 4TH
Houston Hammertime batting - Pitching for District 9 Prawns : RHP Mike Stabler
Batting: RHB Mario Beltrán 0-0: Called Strike
0-1: Called Strike
0-2: Ball
1-2: Strikes out looking
Batting: LHB Enrique Valentín 0-0: Swinging Strike
0-1: Foul Ball, location: 2F
0-2: Strikes out swinging
Batting: RHB Richard Coker 0-0: Called Strike
0-1: Swinging Strike
0-2: Ball
1-2: Strikes out swinging
Top of the 4th over - 0 run(s), 0 hit(s), 0 error(s), 0 left on base; Houston 0 - District 9 3
BOTTOM OF THE 4TH
District 9 Prawns batting - Pitching for Houston Hammertime : RHP António Galindo
Batting: RHB Tony Guzmán 0-0: Swinging Strike
0-1: Called Strike
0-2: Ball
1-2: Strikes out swinging
Batting: RHB Lateef Makini 0-0: Ball
1-0: SINGLE (Line Drive, 7LS)
Batting: LHB Leonard Young 0-0: Fielders Choice at 2nd, U4 (Groundball, 4M)
Batting: RHB Brian Jackson 0-0: Ball
1-0: Foul Ball, location: 2F
1-1: Ball
2-1: Ground out U3 (Groundball, 3)
Bottom of the 4th over - 0 run(s), 1 hit(s), 0 error(s), 1 left on base; Houston 0 - District 9 3
TOP OF THE 5TH
Houston Hammertime batting - Pitching for District 9 Prawns : RHP Mike Stabler
Batting: RHB Arturo Rodríguez 0-0: Ball
1-0: Ball
2-0: Called Strike
2-1: Foul Ball, location: 2F
2-2: Foul Ball, location: 2F
2-2: Fly out, F8 (Flyball, 8RXD)
Batting: RHB Dan Mason 0-0: Ball
1-0: Ball
2-0: Ground out 6-3 (Groundball, 6)
Batting: RHB Santo Cruz 0-0: Called Strike
0-1: Foul Ball, location: 2F
0-2: Foul Ball, location: 2F
0-2: DOUBLE (Line Drive, 8LXD)
Batting: LHB Fernando Camacho 0-0: Swinging Strike
0-1: Swinging Strike
0-2: Ball
1-2: Foul Ball, location: 2F
1-2: Ball
2-2: Foul Ball, location: 2F
2-2: Foul Ball, location: 2F
2-2: SINGLE (Groundball, 4MD)
Santo Cruz to third
Runner from 3rd tries for Home, SAFE, no throw or cutoff
Batting: RHB Rafael Torres 0-0: Called Strike
0-1: Foul Ball, location: 2F
0-2: Ball
1-2: Foul Ball, location: 2F
1-2: DOUBLE (Line Drive, 7LS)
Fernando Camacho to third
Batting: SHB Cristo Ontiveros 0-0: Ball
1-0: Foul Ball, location: 2F
1-1: Foul Ball, location: 2F
1-2: Ground out 1-3 (Groundball, 13S)
Top of the 5th over - 1 run(s), 3 hit(s), 0 error(s), 2 left on base; Houston 1 - District 9 3
BOTTOM OF THE 5TH
District 9 Prawns batting - Pitching for Houston Hammertime : RHP António Galindo
Batting: RHB Lúcio García 0-0: Ball
1-0: Called Strike
1-1: Swinging Strike
1-2: Foul Ball, location: 2F
1-2: SINGLE (Line Drive, 34)
Batting: RHB Mal Snyder 0-0: Ball
1-0: SINGLE (Line Drive, 78S)
Lúcio García to second
Batting: SHB Mark Pope 0-0: Fly out, F3 (Line Drive, 3L)
Batting: LHB Leonard Harvey 0-0: Foul Ball, location: 2F
0-1: Fielders Choice at 2nd, 3-6 (Groundball, 3)
Lúcio García to third
Batting: RHB Rafael González 0-0: Called Strike
0-1: Ball
1-1: Swinging Strike
1-2: Strikes out looking
Bottom of the 5th over - 0 run(s), 2 hit(s), 0 error(s), 2 left on base; Houston 1 - District 9 3
TOP OF THE 6TH
Houston Hammertime batting - Pitching for District 9 Prawns : RHP Mike Stabler
Pitching: RHP Eduardo Delgado
Batting: RHB Mario Beltrán 0-0: Swinging Strike
0-1: Called Strike
0-2: Strikes out looking
Batting: LHB Enrique Valentín 0-0: Foul Ball, location: 2F
0-1: Foul Ball, location: 2F
0-2: Strikes out swinging
Batting: RHB Richard Coker 0-0: Fly out, F9 (Flyball, 89S)
Top of the 6th over - 0 run(s), 0 hit(s), 0 error(s), 0 left on base; Houston 1 - District 9 3
BOTTOM OF THE 6TH
District 9 Prawns batting - Pitching for Houston Hammertime : RHP António Galindo
Batting: RHB Tony Guzmán 0-0: Called Strike
0-1: Foul Ball, location: 2F
0-2: Ball
1-2: Foul Ball, location: 2F
1-2: Foul Ball, location: 2F
1-2: SINGLE (Groundball, 34)
Batting: RHB Lateef Makini 0-0: Ball
1-0: Ball
2-0: Swinging Strike
2-1: Foul Ball, location: 2F
2-2: Strikes out swinging
Batting: LHB Leonard Young 0-0: Ball
1-0: Ball
2-0: Called Strike
2-1: Fly out, F6 (Popup, 6M)
Batting: RHB Brian Jackson 0-0: Ball
1-0: Ball
2-0: Called Strike
2-1: Foul Ball, location: 2F
2-2: Strikes out swinging
Bottom of the 6th over - 0 run(s), 1 hit(s), 0 error(s), 1 left on base; Houston 1 - District 9 3
TOP OF THE 7TH
Houston Hammertime batting - Pitching for District 9 Prawns : RHP Eduardo Delgado
Batting: RHB Arturo Rodríguez 0-0: Ball
1-0: Ball
2-0: Foul Ball, location: 2F
2-1: Ball
3-1: Base on Balls
Batting: RHB Dan Mason 0-0: Ball
1-0: Foul Ball, location: 2F
1-1: Ball
2-1: Ball
3-1: Base on Balls
Arturo Rodríguez to second
Pinch Hitting: LHB Juan Cabañas 0-0: Sac Bunt - play at third, runner OUT! 5-6
Dan Mason to second
Pinch Hitting: LHB Pat Jones 0-0: Called Strike
0-1: Ball
1-1: Foul Ball, location: 2F
1-2: Fly out, F7 (Flyball, 7M)
Pinch Hitting: LHB Bartolo Villanueva 0-0: Foul Ball, location: 2F
0-1: Ground out U3 (Groundball, 3)
Top of the 7th over - 0 run(s), 0 hit(s), 0 error(s), 2 left on base; Houston 1 - District 9 3
BOTTOM OF THE 7TH
District 9 Prawns batting - Pitching for Houston Hammertime : RHP António Galindo
Pitching: LHP Dan Snyder
Now at 1B: Pat Jones
Now at 2B: Alberto Chávez
Now at SS: Pepe González
Batting: RHB Lúcio García 0-0: Ball
1-0: SINGLE (Line Drive, 7S)
Batting: RHB Mal Snyder 0-0: Called Strike
0-1: Ball
1-1: Bunted foul
1-2: Ball
2-2: DOUBLE (Groundball, 5L)
Lúcio García to third
Runner from 3rd tries for Home, throw and OUT!
Batting: SHB Mark Pope 0-0: Called Strike
0-1: SINGLE (Groundball, 4MD)
Mal Snyder to third
Runner from 3rd tries for Home, SAFE, throw made home
Batting: LHB Leonard Harvey 0-0: Hit by Pitch
Mark Pope to second
Batting: RHB Rafael González 0-0: Ball
1-0: Ball
2-0: Called Strike
2-1: Ball
3-1: Reached on error, E4 (Groundball, 34)
Mark Pope to third
Leonard Harvey to second
Pinch Hitting: SHB Tommy Bourassa 0-0: Called Strike
0-1: Ball
1-1: Swinging Strike
1-2: Grounds into double play, 6-4-3 (Groundball, 6)
Bottom of the 7th over - 1 run(s), 3 hit(s), 1 error(s), 2 left on base; Houston 1 - District 9 4
TOP OF THE 8TH
Houston Hammertime batting - Pitching for District 9 Prawns : RHP Eduardo Delgado
Pitching: RHP Johnathan McJannett
Now at 3B: Phil Jacobs
Batting: SHB Cristo Ontiveros 0-0: Ball
1-0: Foul Ball, location: 2F
1-1: Ground out 6-3 (Groundball, 6)
Batting: RHB Mario Beltrán 0-0: Swinging Strike
0-1: Ground out 3-1 (Groundball, 34S)
Batting: LHB Enrique Valentín 0-0: Called Strike
0-1: Ball
1-1: Called Strike
1-2: Foul Ball, location: 2F
1-2: Fly out, F8 (Flyball, 8LM)
Top of the 8th over - 0 run(s), 0 hit(s), 0 error(s), 0 left on base; Houston 1 - District 9 4
BOTTOM OF THE 8TH
District 9 Prawns batting - Pitching for Houston Hammertime : LHP Dan Snyder
Batting: RHB Lateef Makini 0-0: Ball
1-0: Ball
2-0: Ball
3-0: Called Strike
3-1: Ground out 6-3 (Groundball, 6)
Batting: LHB Leonard Young 0-0: Called Strike
0-1: Swinging Strike
0-2: Strikes out looking
Batting: RHB Brian Jackson 0-0: Ball
1-0: Called Strike
1-1: Ball
2-1: Ground out 6-3 (Groundball, 6)
Bottom of the 8th over - 0 run(s), 0 hit(s), 0 error(s), 0 left on base; Houston 1 - District 9 4
TOP OF THE 9TH
Houston Hammertime batting - Pitching for District 9 Prawns : RHP Johnathan McJannett
Pitching: RHP Bill McKinney
Batting: RHB Richard Coker 0-0: Ball
1-0: Called Strike
1-1: Ball
2-1: Ball
3-1: Foul Ball, location: 2F
3-2: Base on Balls
Batting: RHB Arturo Rodríguez 0-0: Ball
1-0: Ball
2-0: Ball
3-0: Base on Balls
Richard Coker to second
Batting: RHB Dan Mason 0-0: Ball
1-0: Swinging Strike
1-1: Called Strike
1-2: Foul Ball, location: 2F
1-2: Strikes out swinging
Batting: RHB Alberto Chávez 0-0: Called Strike
0-1: Ball
1-1: Ball
2-1: Fly out, F8 (Flyball, 8LXD)
Runner from 2nd tags up, SAFE at 3rd, no throw
Batting: LHB Pat Jones 0-0: Called Strike
0-1: Called Strike
0-2: Foul Ball, location: 2F
0-2: Foul Ball, location: 2F
0-2: Ball
1-2: Ball
2-2: Ball
3-2: Strikes out swinging
Top of the 9th over - 0 run(s), 0 hit(s), 0 error(s), 2 left on base; Houston 1 - District 9 4
Monday, December 5th, 2016 - OOTP Baseball 17.12 Build 75